AoeStats
← Arr0gant

Enclosed

506839651Analyzed
1v1 RM · 18d ago on Sep 15, 2026· 53m 56s· 2 players
Game mode
Random Map
Map size
Tiny (2 player)
Population
200
Speed
Normal
Resources
Standard
Victory
Conquest
Starting age
Dark Age
Ending age
Imperial Age
RankedLock teamsTeams togetherTeam positionsShared explorationLock speedFull tech treeHidden civsTurbo modeCheats
Victory
Defeat
🇬🇷 Persians · Greece
1017
+17
🇨🇳 Malians · China
1028
-17
Painos
7:30 Loom
10:18 Feudal Age
11:16 Double-Bit Axe
15:42 Horse Collar
21:38 Castle Age
21:27 Scale Barding Armor
21:36 Forging
22:40 Husbandry
23:47 Wheelbarrow
23:48 Town Watch
24:21 Bow Saw
26:00 Bloodlines
27:46 Hand Cart
27:51 Gold Mining
28:26 Heavy Plow
29:26 Light Cavalry
30:32 Chain Barding Armor
30:55 Devotion
31:56 Gold Shaft Mining
31:13 Stone Mining
31:24 Fletching
31:58 Padded Archer Armor
42:42 Imperial Age
41:45 Iron Casting
41:27 Leather Archer Armor
41:08 Bodkin Arrow
42:21 Cavalier
43:39 Plate Barding Armor
44:04 Blast Furnace
43:34 Thumb Ring
42:49 Crossbowman
43:51 Hussar
45:29 Conscription
45:09 Kamandaran
48:14 Ballistics
48:54 Chemistry
48:06 Masonry
47:46 Heated Shot
48:12 Savar
50:37 Two-Man Saw
53:16 Chemistry
52:50 Ring Archer Armor
Arr0gant
7:23 Loom
10:30 Feudal Age
11:13 Man-at-Arms
18:14 Castle Age
16:26 Horse Collar
16:59 Gold Mining
17:27 Double-Bit Axe
19:04 Bow Saw
20:57 Scale Mail Armor
23:14 Padded Archer Armor
23:33 Chain Mail Armor
23:40 Heavy Plow
23:43 Town Watch
24:29 Long Swordsman
25:25 Fletching
29:58 Pikeman
32:36 Ballistics
32:59 Wheelbarrow
39:15 Imperial Age
37:12 Town Patrol
37:27 Hand Cart
39:25 Bodkin Arrow
39:42 Forging
40:01 Hand Cart
41:21 Conscription
41:39 Crop Rotation
41:38 Squires
42:10 Bodkin Arrow
42:52 Iron Casting
42:28 Arson
43:07 Bodkin Arrow
43:39 Elite Gbeto
45:42 Chemistry
47:48 Plate Mail Armor
49:32 Tigui
49:55 Bloodlines
49:45 Husbandry
49:06 Heavy Camel Rider
51:00 Hoardings
50:15 Cavalier
Connection lost

Rejoining the realm…

Still unreachable

The connection could not be restored.

Session expired

The server has moved on; the page needs a fresh start.